 Dungeon Crawl Stone Soup version 0.16.2-12-gd0ad4c3 (webtiles) character file.

159260 Kharon the Fencer (level 17, 0/158 HPs)
             Began as a Minotaur Berserker on Oct 13, 2015.
             Was the Champion of Trog.
             Slain by an antimagic lajatang (9 damage)
             ... on level 2 of the Elven Halls on Oct 14, 2015.
             The game lasted 03:27:31 (37246 turns).

Kharon the Fencer (Minotaur Berserker)             Turns: 37246, Time: 03:27:31

Health: 0/158      AC: 39    Str: 28    XL:     17   Next: 15%
Magic:  11/26      EV: 13    Int:  6    God:    Trog [******]
Gold:   1212       SH: 13    Dex: 11    Spells: 0 memorised, 16 levels left

rFire  + . .     SeeInvis .     C - +9 falchion of Dithmenos' Envy {slice, *Rage +Fly rElec rPois rN+}
rCold  + . .     Rnd*Rage +     U - +9 plate armour of the Eight Beds {+Blink rF+ rN+ MR-}
rNeg   + + .     SustAb   .     h - +0 shield {reflect}
rPois  +         Gourm    .     l - +0 hat {rC+}
rElec  +         Spirit   .     K - +0 cloak {rPois}
rCorr  .         Warding  .     M - +2 pair of gloves
rMut   .         Stasis   .     H - +2 pair of boots
MR     .....                    r - amulet of rage
Stlth  ..........               B - +5 ring of protection
                                p - +3 ring of evasion

@: very slightly contaminated, hasted and slowed, drained, not resistant to
hostile enchantments, extremely unstealthy
A: retaliatory headbutt, horns 2, rugged brown scales 1, blurry vision 1, clever
1, mutation resistance 1, forlorn
a: Burn Spellbooks, Berserk, Trog's Hand, Brothers in Arms, Renounce Religion,
Evoke Blink, Evoke Berserk Rage, Evoke Flight


You were on level 2 of the Elven Halls.
You worshipped Trog.
Trog was exalted by your worship.
You were hungry.

You visited 4 branches of the dungeon, and saw 29 of its levels.
You visited the Abyss 1 time.
You also visited: Ice Cave.

You collected 3320 gold pieces.
You spent 1459 gold pieces at shops.

Inventory:

Hand weapons
 d - a +1 triple crossbow of evasion
 u - the +10 hand crossbow of Gallantry {elec, rF+ SInv}
   (You found it on level 7 of the Dungeon)

   It charges the ammunition it shoots with electricity; occasionally upon a
   hit, such missiles may discharge and cause terrible harm.
   It protects you from fire.
   It enhances your eyesight.
 C - the +9 falchion of Dithmenos' Envy (weapon) {slice, *Rage +Fly rElec rPois rN+}
   (You found it on level 12 of the Dungeon)

   It inflicts extra damage upon your enemies.
   It insulates you from electricity.
   It protects you from poison.
   It protects you from negative energy.
   It lets you fly.
   It may make you go berserk in combat.
Missiles
 v - 58 bolts
 y - 12 steel bolts
 I - 32 poisoned bolts
 J - 50 bolts of flame
 R - 17 silver bolts
 Y - 32 bolts of penetration
Armour
 c - a +5 large shield of protection
 h - a +0 shield of reflection (worn)
 l - a +0 hat of cold resistance (worn)
 H - a +2 pair of boots (worn)
 K - a +0 cloak of poison resistance (worn)
 M - a +2 pair of gloves (worn)
 U - the +9 plate armour of the Eight Beds (worn) {+Blink rF+ rN+ MR-}
   (You found it on level 10 of the Dungeon)

   It protects you from fire.
   It protects you from negative energy.
   It affects your resistance to hostile enchantments.
   It lets you blink.
Jewellery
 p - a +3 ring of evasion (left hand)
 r - an amulet of rage (around neck)
 B - a +5 ring of protection (right hand)
Magical devices
 n - a wand of polymorph (12)
 w - a wand of flame (0)
 x - a wand of disintegration (6)
 D - a wand of frost (20)
Scrolls
 b - a scroll of identify
 f - a scroll of enchant armour
 s - a scroll of enchant weapon
 t - a scroll of remove curse
 E - a scroll of silence
Potions
 g - 4 potions of flight
 i - 6 potions of curing
 j - a potion of haste
 k - a potion of invisibility
Miscellaneous
 a - a fan of gales (inert)
 e - an ornate deck of wonders {drawn: 3}
Comestibles
 m - 7 meat rations
 o - 2 bread rations
 q - 8 slices of pizza
 A - 13 royal jellies
 F - 3 chunks of flesh


   Skills:
 + Level 14.8(13.3) Fighting
 - Level 18.0(16.4) Long Blades
   Level 2.9(1.8) Bows
 + Level 13.7(12.2) Crossbows
 + Level 14.9(13.4) Armour
 + Level 9.6(8.3) Dodging
 + Level 12.4(11.0) Shields
 * Level 10.1(8.7) Evocations


You had 16 spell levels left.
You didn't know any spells.

Dungeon Overview and Level Annotations

Branches:
Dungeon (15/15)            Temple (0/1) D:6            Lair (8/8) D:10
  Swamp (0/5) Lair:3        Snake (0/5) Lair:5        Slime (0/6) Lair:6
    Orc (4/4) D:12            Elf (2/3) Orc:3        Vaults (0/5) D:13
 Depths (0/5) D:15

Altars:
Ashenzari
Cheibriados
Dithmenos
Elyvilon
Gozag
Makhleb
Nemelex Xobeh
Okawaru
Qazlal
Ru
Sif Muna
Vehumet
Xom
The Shining One
Jiyva

Shops:
D:5 *   D:14 }   Orc:2 *   Orc:4 *:::   Elf:2 =


Innate Abilities, Weirdness & Mutations

You reflexively headbutt those who attack you in melee.
You have a pair of horns on your head.
You are partially covered in rugged brown scales (AC +1, +3% HP).
Scrolls take you a little longer to read.
Your mind is acute. (Int +2)
You are somewhat resistant to further mutation.
You have difficulty communicating with the divine.


Message History

Deactivating autopickup; reactivate with Ctrl-A.
Your air elemental merges itself into the air.
Your air elemental forms itself from the air!
Evoke which item? (* to show all) (? for menu, Esc to quit)
You draw a card...
It is Wild Magic.
You feel a surge of magic.
Your air elemental merges itself into the air.
Your air elemental hits the battleaxe of electrocution but does no damage.
Your air elemental forms itself from the air!
Your air elemental merges itself into the air.
Your air elemental closely misses the battleaxe of electrocution.
The battleaxe of electrocution barely misses something.
The battleaxe of electrocution hits your air elemental!!
Your air elemental forms itself from the air!
Your air elemental completely misses the battleaxe of electrocution.
Your air elemental hits the battleaxe of electrocution but does no damage.
Your air elemental completely misses the battleaxe of electrocution.
Your air elemental hits the battleaxe of electrocution.
Your air elemental merges itself into the air.
The antimagic lajatang hits you!
You die...

#...## ##.........## ##...#
##...###...........###...##
##...#.............#...## #
##)....................## #
##.................^.....## ####
#.........................# ...#
#.........................# ...#
#.........................#
(..####'........@.###..........##
≈...)'.'#.......(## ##........##
≈≈.()'.##.........# #.........#
≈...((.'#.......(## ##........##
...####)..........###..........##
...# #....(..{.(.........))....#
...# #.........E(..............#
#### #...)........(......P.....#
# ##.......................##


You could see 4 dancing weapons and a friendly air elemental.

Vanquished Creatures
  Saint Roka (Orc:4)
  A fire giant (D:12)
  Donald (Orc:4)
  Maud (Lair:5)
  Louise (Elf:1)
  An angel (Abyss:1)
  Jorgrun (Elf:2)
  A stone giant (Orc:4)
  A war gargoyle (D:12)
  The ghost of Typee the Fighter, a powerful DsAK of Lugonu (D:13)
  Snorg (Lair:7)
  4 fire dragons
  2 deep elf death magi (Elf:2)
  A yaktaur captain (D:12)
  4 vault guards (D:14)
  Harold (Lair:7)
  8 hydras
  An ogre mage (D:14)
  2 catoblepae (D:15)
  2 centaur warriors
  10 dancing weapons (Elf:2)
  2 tengu warriors (D:13)
  A sun demon (Orc:4)
  Nergalle (Lair:7)
  4 orc high priests
  2 wretched stars (Abyss:1)
  3 skeletal warriors (D:13)
  2 slime creatures
  17 deep elf knights
  A storm dragon skeleton (Abyss:1)
  2 ice devils (IceCv)
  2 wizards (D:14)
  10 orc knights
  9 deep elf summoners
  2 ice statues (IceCv)
  An unseen horror (D:10)
  5 orc sorcerers
  8 hill giants
  11 deep elf conjurers
  18 ugly things (D:15)
  A lindwurm (Lair:7)
  3 cyclopes
  3 starcursed masses (Abyss:1)
  2 centaur zombies
  2 griffons
  Maurice (Orc:2)
  A shining eye (shapeshifter) (Elf:1)
  Joseph (Orc:4)
  6 elephants
  A large abomination (Abyss:1)
  A gargoyle (D:14)
  A torpor snail (Lair:3)
  3 black mambas
  8 spiny frogs
  11 komodo dragons
  3 yaktaurs
  An efreet (D:15)
  10 blue devils
  A demonic crawler (Elf:2)
  6 fire drakes
  2 tengu conjurers (D:13)
  8 deep elf priests
  4 red devils (D:14)
  A hellwing (Orc:3)
  8 polar bears (Lair:8)
  A shadow dragon simulacrum (Abyss:1)
  Grinder (D:3)
  8 ravens (D:13)
  12 trolls
  A polar bear (shapeshifter) (Elf:1)
  A trapdoor spider zombie (D:13)
  A basilisk (shapeshifter) (Elf:1)
  9 blink frogs
  6 two-headed ogres
  7 raiju
  5 basilisks
  2 humans
  A trapdoor spider (D:12)
  A redback (Elf:2)
  A wyvern (shapeshifter) (Elf:1)
  27 deep elf magi
  3 fire bats (Abyss:1)
  7 wyverns
  19 wolves
  2 wraiths
  16 hippogriffs
  58 yaks
  4 vampire mosquitoes (D:15)
  20 deep elf fighters
  3 steam dragons (Lair:8)
  3 hell hounds (Lair:8)
  2 hungry ghosts
  11 wargs
  12 porcupines
  24 water moccasins
  4 mottled dragons
  3 soldier ants
  3 swamp drakes (Lair:8)
  2 phantoms (D:5)
  38 orc warriors
  3 sky beasts
  7 ice beasts
  A hornet simulacrum (D:15)
  3 wasps
  12 black bears (Lair:8)
  6 boggarts
  20 centaurs
  6 ogres
  9 crocodiles
  Sigmund (D:3)
  A boring beetle (Lair:3)
  A wyvern zombie (D:6)
  4 big kobolds
  25 giant frogs
  2 wyvern skeletons
  4 wights (D:9)
  A water moccasin skeleton (D:7)
  3 scorpions
  A yak skeleton (Orc:4)
  A vampire bat (Lair:6)
  5 crimson imps
  2 goliath beetles
  2 quasits
  37 orc priests
  6 jellies
  A giant frog skeleton (D:11)
  4 electric eels
  4 small abominations (Abyss:1)
  3 centaur skeletons
  37 orc wizards
  24 hounds
  Natasha (D:3)
  11 iguanas
  A spectral orc (Lair:7)
  6 worker ants
  9 sheep
  A killer bee zombie (D:9)
  A mummy (D:8)
  4 gnolls
  33 river rats
  4 shadow imps
  3 giant mites
  18 white imps
  44 adders
  A worm (D:3)
  12 ufetubi
  An adder zombie (D:7)
  2 giant geckos
  194 orcs
  4 ball pythons
  19 bats
  2 bat skeletons
  3 giant cockroaches
  24 hobgoblins
  13 jackals
  15 quokkas
  2 giant gecko skeletons
  3 giant newts
  2 giant spores
  25 goblins
  24 kobolds
  An orc zombie (Orc:4)
  A quokka skeleton (D:4)
  13 rats
  6 rat skeletons (Orc:4)
  3 ballistomycetes
  A bush (Lair:7)
  14 fungi
  6 plants
1317 creatures vanquished.

Vanquished Creatures (collateral kills)
  A centaur warrior (D:15)
  An orc high priest (Orc:4)
  An ugly thing (D:15)
  2 rust devils (Orc:4)
  A red devil (Orc:4)
  A troll (D:9)
  A wraith (D:15)
  A warg (D:15)
  A wasp (D:15)
  2 orc warriors (Orc:4)
  4 orc zombies (Orc:4)
  A yak skeleton (Orc:4)
  2 orc priests (Orc:4)
  An orc wizard (Orc:4)
  An orc (D:15)
  A kobold (D:9)
  2 rat skeletons (Orc:4)
24 creatures vanquished.

Vanquished Creatures (others)
  A deep elf knight (Elf:1)
  A torturous demonspawn (D:15)
  A deep elf fighter (Elf:2)
  A big kobold (D:13)
  A jelly (D:7)
  A hell rat (Elf:2)
  An orc wizard (Orc:4)
  A white imp (IceCv)
  3 ufetubi (IceCv)
  A kobold (D:1)
  3 rat skeletons (Orc:4)
  2 fungi
  15 plants
  4 starspawn tentacles (Abyss:1)
  144 starspawn tentacle segments (Abyss:1)
180 creatures vanquished.

Grand Total: 1521 creatures vanquished

Notes
Turn   | Place    | Note
--------------------------------------------------------------
     0 | D:1      | Kharon, the Minotaur Berserker, began the quest for the Orb.
     0 | D:1      | Reached XP level 1. HP: 19/19 MP: 1/1
   269 | D:1      | Reached skill level 4 in Long Blades
   289 | D:1      | Reached XP level 2. HP: 18/27 MP: 1/1
   558 | D:1      | Acquired Trog's second power
   799 | D:1      | Reached skill level 5 in Long Blades
   799 | D:1      | Reached XP level 3. HP: 33/33 MP: 2/2
  1512 | D:2      | Found a deep blue altar of Sif Muna.
  1688 | D:3      | Noticed Grinder
  1693 | D:3      | Noticed Sigmund
  1703 | D:3      | Killed Sigmund
  1703 | D:3      | Reached skill level 6 in Long Blades
  1703 | D:3      | Reached XP level 4. HP: 31/40 MP: 2/2
  1712 | D:3      | Paralysed by Grinder for 2 turns
  1715 | D:3      | Killed Grinder
  1715 | D:3      | Reached skill level 8 in Long Blades
  1715 | D:3      | Reached XP level 5. HP: 33/46 MP: 2/2
  1715 | D:3      | Reached XP level 6. HP: 37/52 MP: 3/3
  1728 | D:3      | Found a snail-covered altar of Cheibriados.
  2179 | D:3      | Noticed Natasha
  2182 | D:3      | Killed Natasha
  2182 | D:3      | Reached skill level 9 in Long Blades
  2370 | D:4      | Found a shattered altar of Ashenzari.
  2444 | D:4      | Reached XP level 7. HP: 44/58 MP: 3/3
  2669 | D:4      | Reached skill level 10 in Long Blades
  3021 | D:4      | Acquired Trog's third power
  3677 | D:5      | Entered Level 5 of the Dungeon
  3709 | D:5      | Reached skill level 11 in Long Blades
  3873 | D:5      | Found Nupnycu's Assorted Antiques.
  3880 | D:5      | Bought a scroll of enchant armour for 187 gold pieces
  3903 | D:5      | Reached XP level 8. HP: 11/66 MP: 3/3
  4496 | D:5      | Reached skill level 12 in Long Blades
  5350 | D:6      | Found a sacrificial altar of Ru.
  5404 | D:6      | Reached skill level 13 in Long Blades
  5591 | D:6      | Found a staircase to the Ecumenical Temple.
  5968 | D:6      | Reached skill level 1 in Bows
  6231 | D:7      | Found a stormy altar of Qazlal.
  6260 | D:7      | Reached XP level 9. HP: 71/71 MP: 4/4
  6582 | D:7      | Found a burning altar of Makhleb.
  6582 | D:7      | Noticed a blizzard demon
  6620 | D:7      | Got a slimy hand crossbow
  6621 | D:7      | Identified the +10 hand crossbow of Gallantry {elec, rF+ SInv} (You found it on level 7 of the Dungeon)
  6979 | D:7      | Reached skill level 14 in Long Blades
  6979 | D:7      | Reached skill level 1 in Crossbows
  7000 | D:7      | Received a gift from Trog
  7274 | D:8      | Found an iron altar of Okawaru.
  7342 | D:8      | Reached skill level 1 in Shields
  7500 | D:8      | Found a stormy altar of Qazlal.
  7500 | D:8      | Found a snail-covered altar of Cheibriados.
  7526 | D:8      | Noticed a hill giant
  7529 | D:8      | Killed a hill giant
  7559 | D:8      | Received a gift from Trog
  7771 | D:8      | Found a shattered altar of Ashenzari.
  7773 | D:8      | Found a white marble altar of Elyvilon.
  7773 | D:8      | Found a sparkling altar of Nemelex Xobeh.
  7773 | D:8      | Found a shadowy altar of Dithmenos.
  7775 | D:8      | Found a glowing golden altar of the Shining One.
  7775 | D:8      | Found a radiant altar of Vehumet.
  7880 | D:9      | Reached skill level 5 in Crossbows
  7892 | D:9      | Noticed a centaur zombie
  7901 | D:9      | Killed a centaur zombie
  7901 | D:9      | Reached XP level 10. HP: 78/78 MP: 4/4
  8278 | D:9      | Received a gift from Trog
  8414 | D:9      | Reached skill level 5 in Armour
  8621 | D:10     | Entered Level 10 of the Dungeon
  8768 | D:10     | Found a staircase to the Lair.
  9120 | D:10     | Got an ichor-stained plate armour
  9131 | D:10     | Identified the +9 plate armour of the Eight Beds {+Blink rF+ rN+ MR-} (You found it on level 10 of the Dungeon)
  9258 | D:10     | Reached skill level 15 in Long Blades
  9268 | D:10     | Killed an unseen horror
  9645 | D:10     | Reached XP level 11. HP: 85/85 MP: 1/4
  9720 | Lair:1   | Entered Level 1 of the Lair of Beasts
  9801 | Lair:1   | Reached skill level 5 in Fighting
  9807 | Lair:1   | Received a gift from Trog
 10111 | Lair:1   | Reached skill level 16 in Long Blades
 10208 | Lair:1   | Received a gift from Trog
 10571 | Lair:1   | Received a gift from Trog
 12373 | Lair:3   | Reached XP level 12. HP: 89/100 MP: 5/5
 12687 | Lair:3   | Reached skill level 17 in Long Blades
 12736 | Lair:3   | Received a gift from Trog
 12736 | Lair:3   | Reached skill level 10 in Crossbows
 12858 | Lair:3   | Found a frozen archway.
 12906 | IceCv    | Entered an ice cave
 13692 | IceCv    | Got a brightly glowing halberd
 13693 | IceCv    | Identified the +9 halberd "Killer Bee's Foe" {drain, rPois Str-4 Dex+4 SInv} (You found it in an ice cave)
 13879 | Lair:3   | Found a staircase to the Swamp.
 14534 | Lair:4   | Received a gift from Trog
 14727 | Lair:4   | Noticed a four-headed hydra
 14735 | Lair:4   | Killed a four-headed hydra
 14871 | Lair:4   | Reached skill level 18 in Long Blades
 14871 | Lair:4   | Reached skill level 10 in Armour
 15273 | Lair:5   | Received a gift from Trog
 15276 | Lair:5   | Reached skill level 1 in Evocations
 15477 | Lair:5   | Found a staircase to the Snake Pit.
 15504 | Lair:5   | Noticed an eight-headed hydra
 15513 | Lair:5   | Killed an eight-headed hydra
 15513 | Lair:5   | Reached XP level 13. HP: 105/111 MP: 8/8
 15568 | Lair:5   | Noticed Maud
 15580 | Lair:5   | Killed Maud
 15838 | Lair:5   | Received a gift from Trog
 16398 | Lair:6   | Found a staircase to the Slime Pits.
 16410 | Lair:6   | Reached skill level 10 in Fighting
 17468 | Lair:7   | Found a viscous altar of Jiyva.
 17469 | Lair:7   | Found a staircase to the Slime Pits.
 17629 | Lair:7   | Noticed Nergalle
 17667 | Lair:7   | Killed Nergalle
 17737 | Lair:7   | Reached skill level 5 in Dodging
 17909 | Lair:7   | Received a gift from Trog
 18072 | Lair:7   | Noticed Harold
 18096 | Lair:7   | Killed Harold
 18319 | Lair:7   | Noticed Snorg
 18325 | Lair:7   | Killed Snorg
 18742 | Lair:8   | Entered Level 8 of the Lair of Beasts
 18751 | Lair:8   | Received a gift from Trog
 18903 | Lair:8   | Received a gift from Trog
 19358 | Lair:8   | Found an opulent altar of Gozag.
 19704 | Lair:8   | Received a gift from Trog
 19884 | Lair:8   | Reached XP level 14. HP: 122/124 MP: 15/15
 20727 | Lair:8   | Received a gift from Trog
 20727 | Lair:8   | Reached skill level 5 in Evocations
 21431 | D:11     | Identified a scroll of acquirement
 21810 | Lair:2   | Got a slimy triple sword
 21811 | Lair:2   | Identified the +1 triple sword "Wecs" {elec, Int+5 Dex+2} (You acquired it on level 2 of the Lair of Beasts)
 23197 | D:12     | Found a runed door.
 23207 | D:12     | Noticed a fire giant
 23250 | D:12     | Killed a fire giant
 23383 | D:12     | Received a gift from Trog
 23956 | D:12     | Got a jewelled falchion
 23957 | D:12     | Identified the +9 falchion of Dithmenos' Envy {slice, *Rage +Fly rElec rPois rN+} (You found it on level 12 of the Dungeon)
 24075 | D:12     | Found a staircase to the Orcish Mines.
 24095 | Orc:1    | Entered Level 1 of the Orcish Mines
 24149 | Orc:1    | Received a gift from Trog
 24449 | Orc:1    | You fall through a shaft!
 24449 | Orc:2    | Found Chaefeck's General Store.
 24451 | Orc:2    | Noticed Maurice
 24477 | Orc:2    | Killed Maurice
 25043 | Orc:3    | Found a staircase to the Elven Halls.
 25051 | Orc:3    | Received a gift from Trog
 25468 | Orc:3    | Received a gift from Trog
 26863 | D:13     | Noticed Typee's ghost (powerful DsAK)
 26902 | D:13     | Killed Typee's ghost
 27099 | D:13     | Reached XP level 15. HP: 125/135 MP: 20/20
 27183 | D:13     | Found a gate to the Vaults.
 27328 | D:13     | Received a gift from Trog
 27878 | D:14     | Received a gift from Trog
 27879 | D:14     | Got a translucent double sword {god gift}
 27882 | D:14     | Identified the +3 double sword "Bravus" {slice, Dex+3} (Trog gifted it to you on level 14 of the Dungeon)
 29202 | D:14     | Reached skill level 5 in Shields
 29363 | D:14     | Received a gift from Trog
 29578 | D:14     | Found a gate to the Vaults.
 29663 | D:14     | Received a gift from Trog
 29954 | D:14     | Found Sohid's Gadget Shop.
 29963 | D:14     | Bought a fan of gales for 640 gold pieces
 29963 | D:14     | Bought an ornate deck of wonders for 320 gold pieces
 29996 | D:14     | Hired Peeshiev the torturous demonspawn for 649 gold.
 30024 | D:15     | Entered Level 15 of the Dungeon
 30345 | D:15     | Your ally Peeshiev died
 30603 | D:15     | Found a shimmering altar of Xom.
 31163 | D:15     | Gained mutation: Your mind is acute. (Int +2) [mutagenic meat]
 31164 | D:15     | Gained mutation: Your mind is very acute. (Int +4) [mutagenic meat]
 31165 | D:15     | Gained mutation: You have difficulty communicating with the divine. [mutagenic meat]
 31166 | D:15     | Gained mutation: Scrolls take you a little longer to read. [mutagenic meat]
 31167 | D:15     | Gained mutation: You are partially covered in rugged brown scales (AC +1, +3% HP). [mutagenic meat]
 31168 | D:15     | Gained mutation: You have a pair of large horns on your head. [mutagenic meat]
 31170 | D:15     | Lost mutation: You have a pair of large horns on your head. [mutagenic meat]
 31172 | D:15     | Gained mutation: You are somewhat resistant to further mutation. [mutagenic meat]
 31174 | D:15     | Lost mutation: Your mind is very acute. (Int +4) [mutagenic meat]
 31682 | D:15     | Found a staircase to the Depths.
 32439 | Orc:4    | Entered Level 4 of the Orcish Mines
 32439 | Orc:4    | Noticed Donald
 32439 | Orc:4    | Noticed Joseph
 32471 | Orc:4    | Received a gift from Trog
 32500 | Orc:4    | Killed Joseph
 32609 | Orc:4    | Killed Donald
 32873 | Orc:4    | Reached XP level 16. HP: 149/149 MP: 23/23
 32934 | Orc:4    | Noticed Saint Roka
 32963 | Orc:4    | Killed Saint Roka
 33260 | Orc:4    | Paralysed by an orc sorcerer for 3 turns
 33300 | Orc:4    | Received a gift from Trog
 33329 | Orc:4    | Found Wirphacs' Assorted Antiques.
 33329 | Orc:4    | Found Akhi's Book Shop.
 33330 | Orc:4    | Found Xudahuq's Book Emporium.
 33330 | Orc:4    | Found Sojyut's Book Shop.
 33354 | Orc:4    | Bought a scroll of enchant armour for 225 gold pieces
 33354 | Orc:4    | Bought a dark potion for 27 gold pieces
 33354 | Orc:4    | Bought a scroll of identify for 60 gold pieces
 33672 | Elf:1    | Entered Level 1 of the Elven Halls
 33759 | Elf:1    | Received a gift from Trog
 33868 | Elf:1    | Reached skill level 10 in Shields
 33894 | Elf:1    | Received a gift from Trog
 33906 | Elf:1    | Got a crude arbalest {god gift}
 33909 | Elf:1    | Identified the +4 arbalest of Enwin {penet, Str-2 Dex+2 Stlth+} (Trog gifted it to you on level 1 of the Elven Halls)
 34209 | Elf:1    | Identified a -1 rod of destruction (9/9) (You found it on level 1 of the Elven Halls)
 34213 | Elf:1    | Noticed Louise
 34242 | Elf:1    | Cast into the Abyss (Louise)
 34476 | Abyss:1  | Noticed a tentacled starspawn
 34575 | Abyss:1  | Paralysed by accursed screaming for 1 turns
 34732 | Elf:1    | Escaped the Abyss
 34746 | Elf:1    | Killed Louise
 35622 | Elf:2    | Found Edyoche's Jewellery Boutique.
 35742 | Elf:2    | Noticed Jorgrun
 35822 | Elf:2    | Killed Jorgrun
 36336 | Elf:2    | Received a gift from Trog
 36535 | Elf:2    | Found a runed gate.
 36535 | Elf:2    | Found a runed gate.
 36536 | Elf:2    | Found a runed gate.
 36741 | Elf:2    | Reached XP level 17. HP: 158/158 MP: 26/26
 36812 | Elf:2    | Reached skill level 10 in Evocations
 37232 | Elf:2    | HP: 5/158 [antimagic lajatang (6)]
 37240 | Elf:2    | HP: 7/158 [battleaxe of electrocution (14)]
 37246 | Elf:2    | Slain by an antimagic lajatang

Action                   |  1- 3 |  4- 6 |  7- 9 | 10-12 | 13-15 | 16-18 || total
-------------------------+-------+-------+-------+-------+-------+-------++-------
Melee: Falchion          |    93 |    54 |   409 |    28 |   784 |   817 ||  2185
       Great sword       |       |       |       |   689 |   714 |       ||  1403
       Triple sword      |       |       |       |       |   156 |       ||   156
       Demon blade       |       |       |       |       |    12 |       ||    12
       Double sword      |       |       |       |       |    97 |       ||    97
 Fire: Hand crossbow     |       |       |    53 |    30 |   103 |       ||   186
       Triple crossbow   |       |       |       |       |    10 |       ||    10
Invok: Burn Spellbooks   |       |       |     2 |     1 |     3 |       ||     6
       Brothers in Arms  |       |       |     1 |       |       |     1 ||     2
       Berserk           |       |       |       |       |     1 |       ||     1
       Trog's Hand       |       |       |       |       |     1 |       ||     1
 Abil: Evoke Blink       |       |       |       |       |     1 |       ||     1
Evoke: Wand              |       |       |       |       |     2 |       ||     2
       Deck              |       |       |       |       |     2 |     1 ||     3
       Fan of gales      |       |       |       |       |       |     2 ||     2
  Use: Scroll            |     4 |       |    11 |    15 |    23 |     3 ||    56
       Potion            |       |       |       |    14 |    10 |     7 ||    31
 Stab: Sleeping          |     1 |       |       |       |       |       ||     1
       Petrified         |       |       |       |       |     2 |       ||     2
       Distracted        |       |       |       |       |     1 |       ||     1
  Eat: Chunk             |     2 |     1 |     8 |     7 |    48 |     8 ||    74
       Bread ration      |       |       |     2 |     3 |     5 |     3 ||    13
       Fruit             |       |       |     2 |       |       |       ||     2
       Pizza             |       |       |       |     2 |     1 |       ||     3
       Beef jerky        |       |       |       |     1 |     8 |     1 ||    10
       Meat ration       |       |       |       |       |       |     1 ||     1
